 Dungeon Crawl Stone Soup version 0.27-a0-1137-g3ef0f4ec91 (webtiles) character file.

Game seed: 382731880559758750

164738 voltaire321 the Spry (level 17, -16/128 HPs)
             Began as a Merfolk Gladiator on May 6, 2021.
             Was the Champion of Hepliaklqana.
             Killed from afar by a hellion (23 damage)
             ... with damnation
             ... summoned by a deep elf demonologist
             ... on level 3 of the Elven Halls on May 7, 2021.
             The game lasted 03:02:23 (30700 turns).

voltaire321 the Spry (Merfolk Gladiator)           Turns: 30700, Time: 03:02:24

Health: -16/128    AC: 17    Str:  8    XL:     17   Next: 86%
Magic:  37/37      EV: 22    Int: 15    God:    Hepliaklqana [******]
Gold:   1988       SH: 15    Dex: 22    Spells: 27/31 levels left

rFire    + . .     SeeInvis .   O - +4 demon trident (venom)
rCold    + + +     Faith    .   M - +5 kite shield {reflect}
rNeg     . . .     Spirit   .   y - +1 acid dragon scales "Guzxit" {rPois rC+ Regen+ rCorr Str-2}
rPois    +         Reflect  +   D - +2 hat {Will+}
rElec    +         Harm     .   u - scarf {rC+ rF+}
rCorr    +         Rampage  .   j - +0 pair of gloves
Will     ++...                  g - +2 pair of boots
Stlth    +.........             n - amulet of regeneration
HPRegen  2.31/turn              o - ring "Pitulugo" {rC+ MP+9 Str-5 Dex+4}
MPRegen  0.25/turn              e - ring of Dukkak {rElec rC+ Int+4}

@: studying 2 skills
A: reduced essence, (nimble swimmer 2), mertail
a: Renounce Religion, Recall Ancestor, Ancestor Identity, Transference, Idealise


You were on level 3 of the Elven Halls.
You worshipped Hepliaklqana.
Hepliaklqana was exalted by your worship.
You visited 4 branches of the dungeon, and saw 26 of its levels.
You visited 1 bazaar.
You also visited: Ossuary and Gauntlet.

You collected 3278 gold pieces.
You spent 1290 gold pieces at shops.

Inventory:

Hand Weapons
 q - a +4 trident of freezing
 O - a +4 demon trident of venom (weapon)
Missiles
 d - 7 throwing nets
 h - 26 javelins
 k - 93 poisoned darts
 S - 5 silver boomerangs (quivered)
 T - 2 atropa-tipped darts
Armour
 g - a +2 pair of boots (worn)
 j - a +0 pair of gloves (worn)
 u - a scarf of resistance (worn)
 y - the +1 acid dragon scales "Guzxit" (worn) {rPois rC+ Regen+ rCorr Str-2}
   (You bought it in a shop in a bazaar)

   It affects your strength (-2).
   It protects you from cold.
   It protects you from poison.
   It increases your rate of health regeneration.
   It protects you from acid and corrosion.
 D - a +2 hat of willpower (worn)
 M - a +5 kite shield of reflection (worn)
Jewellery
 e - the ring of Dukkak (right hand) {rElec rC+ Int+4}
   (You found it in a Gauntlet)

   [ring of protection from cold]

   It affects your intelligence (+4).
   It protects you from cold.
   It insulates you from electricity.
 n - an amulet of regeneration (around neck)
 o - the ring "Pitulugo" (left hand) {rC+ MP+9 Str-5 Dex+4}
   (You found it in a Gauntlet)

   [ring of magical power]

   It affects your strength (-5).
   It affects your dexterity (+4).
   It protects you from cold.
   It affects your magic capacity (+9).
 t - a ring of see invisible
Wands
 a - a wand of mindburst (13)
 b - a wand of digging (6)
 w - a wand of polymorph (29)
 x - a wand of paralysis (17)
 z - a wand of charming (29)
 J - a wand of iceblast (34)
 Q - a wand of flame (44)
 Z - a wand of acid (13)
Scrolls
 c - 3 scrolls of fog
 p - a scroll of brand weapon
 r - 4 scrolls of blinking
 K - 4 scrolls of fear
 L - 10 scrolls of amnesia
 N - 16 scrolls of identify
 R - 6 scrolls of teleportation
Potions
 f - 3 potions of mutation
 i - 3 potions of cancellation
 l - 5 potions of flight
 m - a potion of heal wounds
 v - 5 potions of brilliance
 A - 2 potions of lignification
 B - a potion of haste
 C - 3 potions of curing
 E - 2 potions of invisibility
 F - 2 potions of berserk rage
 H - 4 potions of magic
 U - 3 potions of ambrosia
 V - 2 potions of attraction


   Skills:
 + Level 15.7 Fighting
 - Level 14.0 Polearms
 - Level 10.0 Throwing
 - Level 11.0 Armour
 + Level 18.3 Dodging
 + Level 6.1 Shields
 + Level 7.5 Spellcasting
 - Level 10.0 Conjurations
 - Level 5.0 Translocations
 - Level 10.0 Invocations


You had 27 spell levels left.
You knew the following spells:

 Your Spells              Type           Power      Damage    Failure   Level
a - Blink                 Tloc           N/A        N/A       12%         2
b - Magic Dart            Conj           100%       1d8       1%          1
c - Apportation           Tloc           40%        N/A       8%          1

Your spell library contained the following spells:

 Spells                   Type           Power      Damage    Failure   Level
 Conjure Flame            Conj/Fire      20%        6-21      24%         3
 Gell's Gravitas          Tloc           10%        N/A       24%         3
 Lesser Beckoning         Tloc           10%        N/A       24%         3
 Teleport Other           Tloc           20%        N/A       24%         3
 Mephitic Cloud           Conj/Pois/Air  15%        N/A       43%         3
 Animate Skeleton         Necr           10%        N/A       52%         1
 Corona                   Hex            5%         N/A       52%         1
 Summon Small Mammal      Summ           20%        N/A       52%         1
 Call Imp                 Summ           5%         N/A       67%         2
 Slow                     Hex            5%         N/A       67%         2
 Call Canine Familiar     Summ           5%         N/A       88%         3
 Summon Guardian Golem    Hex/Summ       5%         N/A       88%         3
 Tukima's Dance           Hex            5%         N/A       88%         3
 Manifold Assault         Tloc           20%        N/A       91%         5
 Summon Ice Beast         Ice/Summ       5%         N/A       99%         4
 Summon Lightning Spire   Summ/Air       5%         N/A       99%         4
 Alistair's Intoxication  Tmut/Pois      3%         N/A       100%        5
 Invisibility             Hex            5%         N/A       100%        6


Dungeon Overview and Level Annotations

Branches:
Dungeon (15/15)            Temple (0/1) D:7            Lair (6/6) D:10
  Swamp (0/4) Lair:3       Spider (0/4) Lair:2        Slime (0/5) Lair:5
    Orc (2/2) D:11            Elf (3/3) Orc:2        Vaults (0/5) D:13
 Depths (0/5) D:15        Ossuary (visited)         Gauntlet (visited)

Altars:
Dithmenos
Elyvilon
Fedhas
Hepliaklqana
Kikubaaqudgha
Okawaru
Qazlal
Sif Muna
Trog
Vehumet
Xom
The Shining One

Shops:
D:12 *   Orc:2 :(*[

Annotations:
Elf:2 3 runed translucent doors


Innate Abilities, Weirdness & Mutations

Your life essence is reduced to manifest your ancestor. (-10% HP)
((You are quick and stealthy near water. (Stealth+, EV+, Speed+++)))
Your lower body shifts to a powerful aquatic tail in water.


Message History

You barely miss the deep elf demonologist.
The deep elf demonologist is almost dead.
Izel casts a spell at the rust devil.
The rust devil resists with almost no effort.
You puncture the deep elf demonologist!
You kill the deep elf demonologist!
The rust devil disappears in a puff of smoke!
The Ice Fiend disappears in a puff of smoke!
The smoke demon gestures at you. Something smites you!
The smoke demon gestures at you.
The sticky flame hits you but does no damage.
You are covered in liquid flames!
You swap places.
You are covered in liquid flames!
The deep elf demonologist mumbles some strange words.
Izel points at the smoke demon and mumbles some strange words.
The hellion resists with almost no effort.
You are covered in liquid flames!
You are no longer on fire.
The deep elf demonologist gestures wildly while chanting.
Izel hits the hellion with a +0 dagger of draining.
The hellion hits Izel.
The orange demon disappears in a puff of smoke!
Izel closely misses the hellion.
The hellion hits Izel!
Izel hits the hellion with a +0 dagger of draining.
The hellion gestures at you.
The sphere of damnation explodes!
The damnation engulfs you!!
* * * LOW HITPOINT WARNING * * *
You hear a shout!
The hellion gestures at you.
The sphere of damnation explodes!
The damnation engulfs you!!
* * * LOW HITPOINT WARNING * * *
Izel gestures at the smoke demon while chanting.
The hellion resists with almost no effort.
You hear a shout!
The hellion hits Izel!
The hellion gestures at you.
The sphere of damnation explodes!
The damnation engulfs you!!
You die...

#3# #2# #.# #R# #.#
### #.# #.# #.# ##.##
###.# #...# ###.@.###
##.P.# #......[#
#....:
#.......########.PPP.
#......)'.....'......
#.......#######.PPPPP
#.....(.## #.......
###...##'## #.......
#######.## ########
##.##


You could see the friendly Izel the hexer (corroded) and a hellion (summoned).

Vanquished Creatures
  An orc warlord (Orc:2)
  6 slime creatures
  A deep elf demonologist (Elf:3)
  Azrael (Elf:2)
  A dire elephant (Lair:6)
  2 deep elf annihilators
  2 fire dragons
  The ghost of robertstho the Unseen, a journeyman OpBe of Trog (Lair:1)
  A deep elf high priest (Elf:1)
  7 hydras
  A vault guard (D:13)
  4 boulder beetles (D:13)
  4 ogre magi
  11 centaur warriors
  2 catoblepae
  2 death knights
  16 two-headed ogres
  A hell hog (Gauntlet)
  2 tengu warriors (D:13)
  6 death yaks (Lair:6)
  2 orc high priests (Orc:2)
  A vampire mage (D:15)
  5 dancing weapons
  5 deep elf knights
  A storm dragon zombie (D:15)
  Nergalle (Lair:4)
  4 skeletal warriors
  A swamp dragon (Lair:6)
  A wizard (Gauntlet)
  3 orc knights
  7 deep elf archers
  A harpy (shapeshifter) (D:13)
  A necromancer (D:15)
  17 deep elf zephyrmancers
  3 lindwurms (Lair:6)
  19 deep elf pyromancers
  4 orc sorcerers
  12 ugly things
  3 cyclopes
  5 manticores
  4 elephants (Lair:4)
  2 wolf spiders (D:15)
  A black mamba (shapeshifter) (D:13)
  A gargoyle (D:13)
  3 black mambas
  Maggie (D:9)
  14 cane toads
  2 kobold demonologists
  3 rime drakes (Lair:6)
  9 komodo dragons
  2 minotaur zombies (Gauntlet)
  A freezing wraith (D:13)
  An efreet (D:13)
  3 tengu conjurers
  3 jumping spiders (Lair:2)
  6 trolls
  4 meliai
  3 hornets
  13 blink frogs
  A deep troll zombie (D:15)
  5 wraiths
  Sigmund (D:6)
  A vampire (D:12)
  5 wyverns
  7 fire bats
  A redback (Lair:2)
  43 yaks
  3 air elementals
  A golden eye (shapeshifter) (D:13)
  3 fire elementals
  4 basilisks
  2 steam dragons
  A human (D:10)
  A steam dragon (shapeshifter) (Elf:2)
  Menkaure (D:6)
  A vampire mosquito (D:13)
  2 acid dragons (Lair:6)
  A warg (Orc:1)
  A swamp worm (Lair:3)
  Edmund (D:5)
  4 hell hounds
  10 water moccasins
  28 orc warriors
  A swamp drake (Lair:6)
  4 black bears
  13 centaurs
  An ice beast (D:6)
  26 wolves
  14 ogres
  7 kobold brigands
  Blork the orc (D:6)
  8 bullfrogs
  4 gnoll sergeants
  An elf zombie (Ossuary)
  An earth elemental (Elf:2)
  A scorpion (D:7)
  3 killer bees (D:8)
  9 wights
  5 electric eels
  5 howler monkeys
  A crimson imp (D:5)
  9 centaur zombies
  A centaur skeleton (D:6)
  3 hounds
  Crazy Yiuf (D:6)
  A bullfrog skeleton (D:4)
  4 jellies
  3 human zombies (Ossuary)
  18 orc priests
  4 gnoll shamans
  8 iguanas
  5 hexers
  23 orc wizards
  A scorpion zombie (D:5)
  5 hell rats (Lair:5)
  A hound skeleton (D:4)
  A howler monkey skeleton (D:7)
  2 mummies (Ossuary)
  A howler monkey zombie (D:6)
  4 adders
  33 gnolls
  A shadow imp (Gauntlet)
  2 white imps
  3 ufetubi
  3 adder skeletons (D:4)
  3 dart slugs
  62 orcs
  10 ball pythons
  9 endoplasms
  9 giant cockroaches
  9 goblins
  9 hobgoblins
  14 jackals
  4 quokkas
  3 bats
  3 frilled lizards
  9 hobgoblin zombies (Ossuary)
  2 jackal zombies (Ossuary)
  60 kobolds
  5 kobold zombies (Ossuary)
  4 orc zombies (Ossuary)
  A quokka skeleton (D:4)
  7 rats
  2 rat zombies (Ossuary)
839 creatures vanquished.

Vanquished Creatures (collateral kills)
  A minotaur (Gauntlet)
  A hydra (Lair:2)
  A centaur warrior (D:14)
  3 two-headed ogres
  A dancing weapon (Elf:2)
  A tengu warrior (D:14)
  An orc high priest (Orc:2)
  3 deep elf knights
  A skeletal warrior (D:15)
  2 deep elf archers
  4 deep elf pyromancers
  A wizard (D:14)
  4 deep elf zephyrmancers
  An orc sorcerer (Orc:2)
  6 ugly things
  2 elephants (Lair:4)
  A torpor snail (Lair:6)
  2 unseen horrors
  3 cane toads
  A kobold demonologist (D:9)
  4 komodo dragons
  A spriggan skeleton (D:15)
  A polar bear (Lair:6)
  2 trolls
  2 hornets
  A blink frog (Lair:4)
  4 slime creatures
  2 spriggans (Lair:4)
  2 wyverns
  2 vampires
  An air elemental (Elf:3)
  A water elemental (Elf:1)
  3 redbacks
  A basilisk (Lair:6)
  3 fire elementals
  8 yaks
  A human (D:10)
  A steam dragon (Lair:6)
  A tengu zombie (D:15)
  2 acid dragons
  5 water moccasins
  8 orc warriors
  A black bear (Lair:1)
  7 wolves
  An ogre (D:6)
  3 centaurs
  A bullfrog (Lair:4)
  A wyvern zombie (D:8)
  A scorpion (D:6)
  3 killer bees
  An electric eel (Lair:3)
  4 wights
  A howler monkey (D:8)
  2 hounds (D:10)
  3 jellies
  5 orc priests (Orc:2)
  A gnoll shaman (D:14)
  8 orc wizards
  A hell rat (Lair:5)
  4 gnolls (D:14)
  2 adder zombies (Ossuary)
  16 orcs
  2 hobgoblin zombies (Ossuary)
  A jackal zombie (Ossuary)
  A kobold (D:6)
  3 kobold zombies (Ossuary)
  An orc zombie (Ossuary)
170 creatures vanquished.

Vanquished Creatures (others)
  The ghost of Uwkini Esoso the Frost Mage, an adept DrIE of Vehumet (D:15)
  A deep elf archer (Elf:2)
  2 deep elf pyromancers
  A deep elf zephyrmancer (Elf:1)
  2 yaks (D:6)
  A killer bee (D:9)
  41 hexers
  2 orc wizards (Orc:2)
  6 ancestors
  A fire vortex (Orc:1)
  28 fungi
  97 plants
  4 withered plants
187 creatures vanquished.

Grand Total: 1196 creatures vanquished

Notes
Turn   | Place    | Note
-------+----------+-------------------------------------------
     0 | D:1      | voltaire321 the Merfolk Gladiator began the quest for the
                  | Orb.
     0 | D:1      | Reached XP level 1. HP: 16/16 MP: 1/1
   140 | D:1      | Reached XP level 2. HP: 10/23 MP: 2/2
   558 | D:1      | Found a faded altar of an unknown god.
   898 | D:1      | Reached XP level 3. HP: 25/28 MP: 3/3
  1065 | D:1      | Reached skill level 5 in Polearms
  1663 | D:2      | Reached XP level 4. HP: 8/35 MP: 4/4
  3087 | D:3      | Reached skill level 5 in Dodging
  3392 | D:3      | Reached XP level 5. HP: 18/41 MP: 5/5
  4173 | D:4      | Reached XP level 6. HP: 44/48 MP: 6/6
  4222 | D:4      | Found a hazy altar of Hepliaklqana.
  4486 | D:4      | Reached skill level 6 in Dodging
  4600 | D:4      | Noticed a black bear
  4611 | D:4      | Killed a black bear
  4612 | D:4      | Reached XP level 7. HP: 32/55 MP: 7/7
  5271 | D:4      | Reached skill level 5 in Fighting
  5493 | D:4      | Reached skill level 7 in Dodging
  5493 | D:4      | Reached XP level 8. HP: 58/62 MP: 8/8
  5733 | D:4      | Became a worshipper of Hepliaklqana the Forgotten
  5789 | D:5      | Entered Level 5 of the Dungeon
  5801 | D:5      | Reached skill level 5 in Throwing
  6050 | D:5      | Reached skill level 1 in Invocations
  6163 | D:5      | Noticed Edmund
  6175 | D:5      | Killed Edmund
  6176 | D:5      | Reached skill level 1 in Armour
  6771 | D:5      | Reached * piety under Hepliaklqana
  6857 | D:6      | Noticed Sigmund
  6879 | D:5      | Reached skill level 8 in Dodging
  6879 | D:5      | Reached XP level 9. HP: 21/62 MP: 10/10
  6900 | D:6      | Found a sand-covered staircase.
  6903 | D:6      | Noticed Blork the orc
  6930 | D:6      | Killed Blork the orc
  6953 | Ossuary  | Entered an ossuary
  7407 | D:6      | Killed Sigmund
  7572 | D:6      | Learned a level 2 spell: Blink
  7709 | D:6      | Noticed Menkaure
  7717 | D:6      | Killed Menkaure
  7740 | D:6      | Found a runed translucent door.
  7741 | D:6      | Noticed Crazy Yiuf
  7750 | D:6      | Killed Crazy Yiuf
  8102 | D:6      | Reached skill level 1 in Spellcasting
  8141 | D:7      | Found a staircase to the Ecumenical Temple.
  8158 | D:7      | Reached skill level 1 in Translocations
  8158 | D:7      | Reached XP level 10. HP: 71/71 MP: 13/13
  8186 | D:7      | Reached skill level 9 in Dodging
  8236 | D:7      | Reached skill level 10 in Polearms
  8707 | D:7      | Reached ** piety under Hepliaklqana
  8708 | D:7      | Remembered your ancestor Izel as a hexer
  8784 | D:7      | Found a shimmering blue altar of Sif Muna.
  9256 | D:8      | Reached skill level 5 in Invocations
  9262 | D:8      | Noticed a two-headed ogre
  9298 | D:8      | Killed a two-headed ogre
  9573 | D:8      | Reached XP level 11. HP: 71/77 MP: 15/15
  9746 | D:9      | Reached skill level 10 in Dodging
  9804 | D:9      | Found a radiant altar of Vehumet.
  9861 | D:9      | Noticed Maggie
  9876 | D:9      | Killed Maggie
 10059 | D:9      | Found a shadowy altar of Dithmenos.
 10071 | D:9      | Found a bloodstained altar of Trog.
 10395 | D:10     | Entered Level 10 of the Dungeon
 10482 | D:10     | Reached *** piety under Hepliaklqana
 10525 | D:10     | Identified the +6 arbalest of Doom {venom, rPois Dex+3}
 10599 | D:10     | Found an iron altar of Okawaru.
 10680 | D:10     | Found a blossoming altar of Fedhas.
 10680 | D:10     | Found a shimmering altar of Xom.
 10868 | D:10     | Noticed a green ugly thing
 10879 | D:10     | Killed a green ugly thing
 11036 | D:10     | Found a staircase to the Lair.
 11453 | Lair:1   | Entered Level 1 of the Lair of Beasts
 11462 | Lair:1   | Found a runed translucent door.
 11464 | Lair:1   | Noticed robertstho's ghost (journeyman OpBe)
 11490 | Lair:1   | Reached XP level 12. HP: 62/84 MP: 17/17
 11629 | Lair:1   | Reached skill level 11 in Dodging
 11890 | Lair:1   | Identified the +1 scale mail of Inference {rElec}
 12719 | Lair:1   | Reached skill level 5 in Armour
 12738 | Lair:1   | Killed robertstho's ghost
 12885 | Lair:2   | Found a glowing golden altar of the Shining One.
 12943 | Lair:2   | Reached **** piety under Hepliaklqana
 13087 | Lair:2   | Found a hole to the Spider Nest.
 13186 | Lair:2   | Noticed a four-headed hydra
 13205 | Lair:2   | Killed a four-headed hydra
 13361 | Lair:2   | Reached skill level 5 in Translocations
 13534 | Lair:2   | Noticed an eight-headed hydra
 13546 | Lair:2   | Killed an eight-headed hydra
 14116 | Lair:3   | Found a staircase to the Swamp.
 14470 | Lair:4   | Reached XP level 13. HP: 72/92 MP: 19/19
 14538 | Lair:4   | Reached skill level 10 in Fighting
 14602 | Lair:4   | Reached skill level 12 in Dodging
 14624 | Lair:4   | Reached ***** piety under Hepliaklqana
 14700 | Lair:4   | You fall into a shaft and drop 2 floors!
 14700 | Lair:6   | Entered Level 6 of the Lair of Beasts
 14701 | Lair:6   | Noticed a fire dragon
 14766 | Lair:5   | Found a staircase to the Slime Pits.
 15006 | Lair:5   | You fall into a shaft and drop 1 floor!
 15533 | Lair:6   | Reached skill level 10 in Throwing
 15710 | Lair:6   | Noticed a dire elephant
 15756 | Lair:6   | Killed a dire elephant
 15757 | Lair:6   | Reached skill level 13 in Dodging
 15757 | Lair:6   | Reached XP level 14. HP: 47/101 MP: 21/21
 16545 | Lair:6   | Reached skill level 1 in Shields
 16629 | Lair:6   | Reached skill level 10 in Invocations
 17341 | Lair:4   | Found a stormy altar of Qazlal.
 17346 | Lair:4   | Noticed Nergalle
 17381 | Lair:4   | Killed Nergalle
 18512 | D:11     | Learned a level 1 spell: Magic Dart
 18557 | D:11     | Reached skill level 14 in Dodging
 18618 | D:11     | Paralysed by a hornet for 1 turns
 18621 | D:11     | Reached skill level 1 in Conjurations
 18863 | D:11     | Found a staircase to the Orcish Mines.
 18885 | D:11     | Identified the +0 robe "Riruttid" {+Inv rC- Str+4 SInv}
 19470 | Orc:1    | Entered Level 1 of the Orcish Mines
 19816 | Orc:1    | Reached XP level 15. HP: 108/108 MP: 22/22
 20004 | Orc:2    | Entered Level 2 of the Orcish Mines
 20153 | Orc:2    | Found a staircase to the Elven Halls.
 20560 | Orc:2    | Reached skill level 10 in Armour
 21068 | Orc:2    | Noticed an orc warlord
 21116 | Orc:2    | Killed an orc warlord
 21557 | Orc:2    | Found Nocamy's General Store.
 21558 | Orc:2    | Found Riryon's Book Emporium.
 21561 | Orc:2    | Found Pefot's Antique Armour Shoppe.
 21561 | Orc:2    | Found Ynaewius's Antique Weapon Shoppe.
 21622 | Orc:2    | Bought a scroll of identify for 24 gold pieces
 21622 | Orc:2    | Bought a scroll of identify for 24 gold pieces
 22127 | D:12     | Reached skill level 5 in Conjurations
 22438 | D:12     | Reached ****** piety under Hepliaklqana
 22582 | D:12     | Found Umuguavy's Blood Bar.
 22760 | D:13     | Found a gate leading to a gauntlet.
 22774 | Gauntlet | Entered a Gauntlet
 22774 | Gauntlet | Found a transporter.
 22774 | Gauntlet | Found a runed translucent door.
 22774 | Gauntlet | Found a runed translucent door.
 22778 | Gauntlet | Found a transporter.
 22780 | Gauntlet | Found a transporter.
 22796 | Gauntlet | Found a transporter.
 22799 | Gauntlet | Found a transporter.
 22800 | Gauntlet | Found a runed translucent door.
 22800 | Gauntlet | Found a runed translucent door.
 22806 | Gauntlet | Found a transporter.
 22822 | Gauntlet | Found a transporter.
 22832 | Gauntlet | Found a transporter.
 22842 | Gauntlet | Found a transporter.
 22857 | Gauntlet | Found a transporter.
 22870 | Gauntlet | Found a transporter.
 22870 | Gauntlet | Found a transporter.
 22983 | Gauntlet | Found a transporter.
 23042 | Gauntlet | Identified the ring "Pitulugo" {rC+ MP+9 Str-5 Dex+4}
 23120 | Gauntlet | Identified the ring of Dukkak {rElec rC+ Int+4}
 23249 | Gauntlet | Reached skill level 15 in Dodging
 23804 | D:13     | Reached skill level 5 in Spellcasting
 24028 | D:13     | Found a gate to the Vaults.
 24693 | D:13     | Reached XP level 16. HP: 117/117 MP: 23/23
 25057 | D:13     | Found a runed translucent door.
 25181 | D:13     | Identified the +8 falchion of Scorn {flame, rPois}
 25381 | D:14     | Reached skill level 16 in Dodging
 25760 | D:14     | Learned a level 1 spell: Apportation
 25851 | D:14     | Found a white marble altar of Elyvilon.
 26740 | D:15     | Entered Level 15 of the Dungeon
 27003 | D:15     | Found a staircase to the Depths.
 27215 | D:15     | Reached skill level 10 in Conjurations
 27414 | D:15     | Reached skill level 17 in Dodging
 27906 | D:15     | Reached XP level 17. HP: 126/126 MP: 24/24
 28019 | D:15     | Found a runed translucent door.
 28203 | D:15     | Noticed Uwkini Esoso's ghost (adept DrIE)
 28273 | D:15     | Killed Uwkini Esoso's ghost
 28455 | Elf:1    | Entered Level 1 of the Elven Halls
 28568 | Elf:1    | Found a flickering gateway to a bazaar.
 28574 | Bazaar   | Entered a bazaar
 28599 | Bazaar   | Found Ylorut's Book Shoppe.
 28618 | Bazaar   | Found Roojic's Assorted Antiques.
 28689 | Bazaar   | Found Xesixos's Assorted Antiques.
 28694 | Bazaar   | Bought slimy acid dragon scales for 675 gold pieces
 28694 | Bazaar   | Identified the +1 acid dragon scales "Guzxit" {rPois rC+
                  | Regen+ rCorr Str-2} (You bought it in a shop in a bazaar)
 28694 | Bazaar   | Bought a scroll of enchant armour for 112 gold pieces
 28754 | Bazaar   | Bought a book of Spatial Translocations for 455 gold pieces
 28940 | Elf:1    | Reached skill level 15 in Fighting
 29247 | Elf:1    | Identified the +0 leather armour of the Wary Wishes {rPois
                  | rF+ rC- rN+}
 29371 | Elf:1    | You fall into a shaft and drop 1 floor!
 29386 | Elf:2    | Identified a scroll of acquirement
 29386 | Elf:2    | Acquired a +1 demon trident of venom
 29427 | Elf:2    | Noticed Azrael
 29498 | Elf:2    | Killed Azrael
 29661 | Elf:2    | Acquired a +0 hat of willpower
 29708 | Elf:2    | Reached skill level 5 in Shields
 29739 | Elf:2    | Reached skill level 18 in Dodging
 29988 | Elf:2    | Identified the +1 chain mail of the Beginning {Regen+}
 30022 | Elf:2    | Found an ancient bone altar of Kikubaaqudgha.
 30131 | Elf:2    | Found a runed translucent gate.
 30131 | Elf:2    | Found a runed translucent gate.
 30131 | Elf:2    | Found a runed translucent gate.
 30160 | Elf:3    | Entered Level 3 of the Elven Halls
 30238 | Elf:3    | Identified the +0 robe "Yrazub" {rC+ Will+ rCorr Int+2}
 30627 | Elf:3    | Identified the +0 cloak "Cioxzofu" {rElec Regen+ Int-4}
 30686 | Elf:3    | Noticed an Ice Fiend
 30699 | Elf:3    | HP: 5/128 [hellion/damnation[a deep elf demonologist] (22)]
 30700 | Elf:3    | Killed from afar by a hellion

Illustrated notes

Levels and vault maps discovered:
D:1:      dpeg_arrival_refuge, layout_loops_ring, shapermc_ecumenical_altar_gd,
          amethyst_killhole, minmay_tripent
D:2:      minmay_skewed_foursquare, layout_basic, serial_bayou_pond_a,
          kennysheep_generic_room_9
D:3:      layout_basic
D:4:      minmay_goblin_kobold_castle, layout_layer_cave,
          nicolae_hepliaklqana_hazy_memory, corner_web_ring,
          minmay_misc_feat_cross, minmay_manual_moon
D:5:      layout_loops_corners, minmay_fire_ice_demons, uniq_edmund
D:6:      layout_layer_cave, nicolae_ossuary_entry_ruins,
          minmay_misc_feat_tower, uniq_sigmund, uniq_crazy_yiuf_cottage,
          uniq_menkaure, uniq_blork_the_orc
D:7:      layout_cave_pools, lemuel_coloured_pillars_altar,
          minmay_temple_entry_arrows
D:8:      cheibrodos_barr_body, layout_cave_pools
D:9:      layout_roguey, nicolae_vehumet_radiance,
          amethyst_overflow_temple_binary, uniq_maggie
D:10:     minmay_razor_zed, layout_irregular_city, okawaru_humans,
          gammafunk_temple_overflow_wave, erik_lair_island
D:11:     layout_long_grid, orc_0_dummy, minmay_circle_x
D:12:     layout_loops_ring, guppyfry_shop_blood
D:13:     minmay_the_grid_triangle_9x9_rhombus_full
          [minmay_the_grid_triangle_9x9_negative_grid,
          minmay_the_grid_triangle_9x9_skeleton,
          minmay_the_grid_triangle_9x9_stretched_checkered,
          minmay_the_grid_triangle_9x9_wacky_v,
          minmay_the_grid_triangle_9x9_intruding_spiral,
          minmay_the_grid_triangle_9x9_subtriangle,
          minmay_the_grid_triangle_9x9_cache,
          minmay_the_grid_triangle_9x9_prize_top_heavy], layout_gridville,
          david_vaults_5, gauntlet_entry_generic, grunt_ministairs_2
D:14:     kennysheep_seaside_town, layout_loops_cross, elyvilon_altar_3
D:15:     gammafunk_depths_entry_grave, layout_grid_maze,
          ebering_ghost_reflecting_pool
Lair:1:   layout_cave_pods, ebering_ghost_inner_flame, disabler_island
Lair:2:   layout_chaotic_city, nicolae_spider_entry_tight_spaces, basic_altar
Lair:3:   layout_gridlike, minmay_swamp_entry_worms
Lair:4:   wad_woods_stonehenge, layout_hall_layers, uniq_nergalle
Lair:5:   layout_hall_layers, nicolae_slime_entry_slimehenge
Lair:6:   hangedman_lair_in_review, layout_misc_corridors,
          guppyfry_lair_end_dragon, serial_bayou_shore_a
Orc:1:    layout_caves, nicolae_orc_lava_tube
Orc:2:    st_orc_congregation, layout_caves
Elf:1:    minmay_elf_arrival_plus, layout_gridlike, serial_shops,
          bzr_entry_safe, kennysheep_underground_church
Elf:2:    layout_onion_city, basic_altar, uniq_azrael
Elf:3:    minmay_elf_hall_four_x, layout_geoelf_octagon

Skill      XL: |  1  2  3  4  5  6  7  8  9 10 11 12 13 14 15 16 17 |
---------------+----------------------------------------------------+-----
Polearms       | 5 6 7 8 9 10 11 12 14 | 14.0
Fighting       | 3 4 5 6 7 8 9 11 12 13 14 15 | 15.7
Dodging        | 5 6 7 8 9 10 11 13 14 15 17 18 | 18.3
Throwing       | 3 4 5 6 7 8 9 10 | 10.0
Invocations    | 2 4 5 6 8 9 10 | 10.0
Armour         | 1 2 3 4 6 8 9 11 | 11.0
Spellcasting   | 1 2 3 5 7 |  7.5
Translocations | 1 2 4 5 |  5.0
Shields        | 4 6 |  6.1
Conjurations   | 3 7 10 | 10.0

Action                   |  1- 3 |  4- 6 |  7- 9 | 10-12 | 13-15 | 16-18 || total
-------------------------+-------+-------+-------+-------+-------+-------++-------
Melee: Trident           |   152 |   220 |   526 |   757 |  1939 |   985 ||  4579
       Tailslap          |       |       |     1 |       |    11 |       ||    12
       Demon trident     |       |       |       |       |       |   293 ||   293
Throw: Javelin           |       |     1 |       |     2 |       |       ||     3
       Dart              |       |       |     9 |    10 |    11 |       ||    30
       Boomerang         |       |       |       |    63 |    92 |    34 ||   189
       Throwing net      |       |       |       |       |     1 |       ||     1
 Cast: Blink             |       |       |       |       |    14 |     2 ||    16
Invok: Recall Ancestor   |       |       |       |     2 |     4 |     3 ||     9
       Ancestor Life: He |       |       |       |     1 |       |       ||     1
       Idealise          |       |       |       |       |     4 |     1 ||     5
Evoke: Wand              |       |       |     3 |     2 |     3 |       ||     8
  Use: Scroll            |       |     4 |    10 |     7 |    15 |    14 ||    50
       Potion            |       |     2 |     4 |       |    15 |     2 ||    23
 Stab: Sleeping          |       |     4 |     7 |     1 |       |     2 ||    14
       Distracted        |       |       |     1 |    16 |    18 |    25 ||    60
       Confused          |       |       |       |    15 |    19 |    29 ||    63
       Petrified         |       |       |       |       |     6 |       ||     6
       Paralysed         |       |       |       |       |    29 |    60 ||    89
Armor: Leather armour    |    31 |    50 |   147 |    65 |       |       ||   293
       Steam dragon scal |       |       |       |   110 |    64 |       ||   174
       Ring mail         |       |       |       |     2 |       |    54 ||    56
       Acid dragon scale |       |       |       |       |   363 |   127 ||   490
Dodge: Dodged            |    80 |   118 |   304 |   504 |  1008 |   637 ||  2651
       Repelled          |       |       |       |     2 |     9 |     2 ||    13
Block: Buckler           |       |       |       |       |   213 |   197 ||   410
       Reflection        |       |       |       |       |       |    33 ||    33
       Kite shield       |       |       |       |       |       |   212 ||   212

Table legend: (Time is in decaauts)
 A = Elapsed time spent in this place.
 B = Non-inter-level travel time spent in this place.
 C = Inter-level travel time spent in this place.
 D = Time resting spent in this place.
 E = Time spent auto-exploring this place.
 F = Levels seen in this place.
 G = Mean time per level.
                   A        B        C        D        E       F      G
               +--------+--------+--------+--------+--------+-----+--------+
         Total |  29165 |  27818 |   1347 |   3819 |  12619 |  29 | 1005.7 |
       Dungeon |  17736 |  16787 |    949 |   2694 |   8078 |  15 | 1182.4 |
          Lair |   6421 |   6222 |    199 |    523 |   3176 |   6 | 1070.2 |
  Orcish Mines |   2138 |   2038 |    100 |    394 |    576 |   2 | 1069.0 |
   Elven Halls |   1977 |   1879 |     98 |    136 |    667 |   3 |  659.0 |
        Bazaar |    216 |    216 |      0 |      0 |    110 |   1 |  216.0 |
       Ossuary |    253 |    253 |      0 |      0 |     11 |   1 |  253.0 |
      Gauntlet |    422 |    422 |      0 |     71 |      0 |   1 |  422.0 |
               +--------+--------+--------+--------+--------+-----+--------+

Top non-repeatable levels by time:
    D:13: 2056 daAuts
     D:4: 1774 daAuts
  Lair:6: 1663 daAuts
     D:1: 1642 daAuts
    D:15: 1465 daAuts
     D:3: 1385 daAuts
  Lair:1: 1297 daAuts
   Orc:2: 1208 daAuts
  Lair:4: 1185 daAuts
    D:14: 1173 daAuts
    D:10: 1129 daAuts
     D:5: 1074 daAuts
     D:6: 1033 daAuts
    D:11: 1004 daAuts
     D:2: 976 daAuts
